 Dungeon Crawl Stone Soup version 0.31.0-2-g5a2aebc5c2 (webtiles) character file.

Game seed: 8996221881595932742

1142 EnegeticOcto the Chopper (level 8, -10/70 HPs)
             Began as a Minotaur Fighter on Jan 20, 2024.
             Was a Believer of Okawaru.
             Mangled by a two-headed ogre
             ... wielding a +0 giant spiked club
              (22 damage)
             ... on level 6 of the Dungeon.
             The game lasted 00:02:04 (3900 turns).

EnegeticOcto the Chopper (Minotaur Fighter)         Turns: 3900, Time: 00:02:04

Health: -10/70     AC: 10    Str: 23    XL:     8   Next: 15%
Magic:  9/9        EV:  8    Int:  5    God:    Okawaru [**....]
Gold:   324        SH:  5    Dex: 10    Spells: 7/7 levels left

rFire   . . .        a - +1 war axe
rCold   . . .        c - +0 buckler
rNeg    . . .        l - +0 chain mail
rPois   .            (helmet restricted)
rElec   .            (no cloak)
rCorr   .            (no gloves)
SInv    .            (no boots)
Will    .....        (no amulet) Stlth
                     (no ring)
HPRegen 0.31/turn    (no ring)
MPRegen 0.11/turn

%: no passive effects
@: no status effects
A: horns 2, retaliatory headbutt
a: Renounce Religion, Heroism


You were on level 6 of the Dungeon.
You worshipped Okawaru.
Okawaru was pleased with you.
You visited 1 branch of the dungeon, and saw 6 of its levels.

You collected 324 gold pieces.

Inventory:

Hand Weapons
 a - a +1 war axe (weapon)
Armour
 c - a +0 buckler (worn)
 l - a +0 chain mail (worn)
   (You found it on level 2 of the Dungeon)
Wands
 b - a wand of flame (24) {@v4}
   (You found it on level 4 of the Dungeon)
Scrolls
 f - 2 scrolls of fear
 g - a scroll of torment
Potions
 d - a potion of might {@q3}
 e - a potion of brilliance
 h - 2 potions of curing {@q1}
 j - 2 potions of heal wounds {@q2}
 k - a potion of enlightenment
 m - a potion of haste {@q4}
 n - 2 potions of mutation


   Skills:
 + Level 6.1 Fighting
 * Level 7.3 Axes
 + Level 6.0 Armour
 + Level 6.0 Shields
 + Level 2.9 Invocations


You had 7 spell levels left.
You didn't know any spells.
Your spell library was empty.

Dungeon Overview and Level Annotations

Branches:
Dungeon (6/15)             Temple (0/1) D:5

Altars:
Dithmenos
Makhleb
Okawaru
Xom

Annotations:
D:4 1 runed translucent door, Killmatronix's ghost, amateur SpBe


Innate Abilities, Weirdness & Mutations

You have a pair of horns on your head.
You reflexively headbutt those who attack you in melee.


Message History

You miss something. Something hits you but does no damage.
You miss something. Your headbutt misses something.
Something hits you but does no damage.
You closely miss something. Your headbutt misses something.
Something hits you but does no damage.
You hear some strange, mumbled words.
Something tries to affect you, but you resist.
You hit something. Okawaru accepts your kill.
Reactivating autopickup.
You feel a bit more experienced.
You have reached level 8!
You feel agile.
Magic restored.
Items here: )) [ †.
Things that are here:
a +0 flail; a +2 spear of freezing
g - a scroll of torment Done exploring.
Done exploring.
No target in view!
No target in view!
No target in view!
Done exploring.
Okay, then.
You see here a +0 dagger.
There is a stone staircase leading down here.
You climb downwards.
The orc wizard shouts!
The orc shouts!
The orc priest shouts!
You hear a shout!
Found three items.
There is a stone staircase leading up here.
There are monsters nearby!
There are monsters nearby!
There are monsters nearby!
You slash the orc priest! Your headbutt misses the orc priest.
The orc priest is heavily wounded.
You barely miss the orc wizard.
A wyvern comes into view.
A centaur comes into view.
You block the orc priest's attack. You block the orc wizard's attack.
The wyvern moves out of view.
You slash the orc priest! You headbutt the orc priest.
You kill the orc priest!
Okawaru accepts your kill.
You hit the orc wizard. The orc wizard casts a spell at you.
You resist with some effort.
Your Fighting skill increases to level 6!
You barely miss the orc wizard. Your headbutt misses the orc wizard.
The orc wizard is moderately wounded.
You barely miss the orc.
The orc wizard hits you but does no damage.
You block the orc's attack.
You slash the orc wizard!
You kill the orc wizard!
Okawaru accepts your kill.
You closely miss the orc. The orc hits you with a +0 dagger.
You closely miss the orc. You headbutt the orc.
You kill the orc!
Okawaru accepts your kill.
The centaur wields a +0 shortbow.
The centaur shoots an arrow.
The arrow hits you!
A two-headed ogre comes into view.
It is wielding a +0 giant spiked club and a +0 giant club.
The two-headed ogre shouts in stereo!
You hear a shout!
The centaur unwields a +0 shortbow.
The centaur hits you but does no damage.
The centaur closely misses you. The centaur completely misses you.
The centaur kicks you but does no damage.
Things that are here:
a +0 dagger; an orc corpse You slash the centaur!
The centaur is moderately wounded.
You block the centaur's attack.
The centaur kicks you but does no damage.
You barely miss the centaur. You headbutt the centaur!
You kill the centaur!
Okawaru accepts your kill.
Your Armour skill increases to level 6!
Your Shields skill increases to level 6!
An ogre comes into view. It is wielding a +0 giant club.
Found an escape hatch in the floor.
The ogre shouts!
You hear an angry hiss.
You hit the two-headed ogre but do no damage.
You headbutt the two-headed ogre!
The two-headed ogre is moderately wounded.
The two-headed ogre hits you with a +0 giant spiked club!!
The two-headed ogre hits you with a +0 giant club!
An iguana comes into view.
You are too injured to fight recklessly!
You are too injured to fight recklessly!
You are too injured to fight recklessly!
You are too injured to fight recklessly!
There are monsters nearby!
You barely miss the two-headed ogre. You headbutt the two-headed ogre!
The two-headed ogre is heavily wounded.
You slash the two-headed ogre!
The two-headed ogre is severely wounded.
The two-headed ogre hits you with a +0 giant spiked club!
* * * LOW HITPOINT WARNING * * *
The two-headed ogre hits you with a +0 giant club!!
You die...

..... .# .#.....
.#
.......####.#####
.#.##...........#
.........<.......
.................
.................
.......))........
...?...@)).......
......O..........
...[............?
>k.O......#......
......##########.
....## .l.. ...


You could see a two-headed ogre, a wyvern, an ogre and an iguana.

Vanquished Creatures
  Sigmund (D:5)
  A black bear (D:5)
  An ogre (D:5)
  2 centaurs
  3 bombardier beetles (D:5)
  An orc priest (D:6)
  A jelly (D:4)
  2 hounds
  2 iguanas
  A sleepcap (D:5)
  5 orc wizards
  12 gnolls
  5 adders
  A ribbon worm (D:2)
  4 dart slugs
  11 orcs
  6 endoplasms
  9 giant cockroaches
  6 goblins
  5 hobgoblins
  2 jackals (D:1)
  A kobold (D:3)
  4 ball pythons
  2 bats (D:1)
  3 frilled lizards
91 creatures vanquished.

Notes
Turn   | Place    | Note
-------+----------+-------------------------------------------
     0 | D:1      | EnegeticOcto the Minotaur Fighter began the quest for the
                  | Orb.
     0 | D:1      | Reached XP level 1. HP: 19/19 MP: 0/0
    90 | D:1      | Reached XP level 2. HP: 27/27 MP: 1/1
   133 | D:1      | Reached skill level 3 in Axes
   640 | D:2      | Reached XP level 3. HP: 20/33 MP: 2/2
  1423 | D:3      | Found a burning altar of Makhleb.
  1445 | D:3      | Found a shadowy altar of Dithmenos.
  1975 | D:3      | Found an iron altar of Okawaru.
  1981 | D:3      | Became a worshipper of Warmaster Okawaru
  2124 | D:4      | Reached skill level 4 in Axes
  2124 | D:4      | Reached XP level 4. HP: 41/41 MP: 3/3
  2178 | D:4      | Reached XP level 5. HP: 47/47 MP: 4/4
  2348 | D:4      | Found a runed translucent door.
  2348 | D:4      | Noticed Killmatronix's ghost (amateur SpBe)
  2667 | D:4      | Reached * piety under Okawaru
  2790 | D:5      | Entered Level 5 of the Dungeon
  2790 | D:5      | Noticed an ogre
  2793 | D:5      | Reached skill level 5 in Axes
  2793 | D:5      | Reached XP level 6. HP: 21/55 MP: 5/5
  2796 | D:5      | Reached skill level 5 in Fighting
  2796 | D:5      | Reached skill level 1 in Invocations
  2971 | D:4      | Reached skill level 5 in Armour
  2971 | D:4      | Reached skill level 5 in Shields
  3001 | D:5      | Noticed Sigmund
  3010 | D:5      | Killed Sigmund
  3010 | D:5      | Reached ** piety under Okawaru
  3011 | D:5      | Reached skill level 6 in Axes
  3011 | D:5      | Reached XP level 7. HP: 40/61 MP: 0/7
  3435 | D:5      | Found a staircase to the Ecumenical Temple.
  3592 | D:5      | Reached skill level 7 in Axes
  3646 | D:5      | Found a shimmering altar of Xom.
  3673 | D:5      | Reached XP level 8. HP: 53/70 MP: 7/9
  3894 | D:6      | Noticed a two-headed ogre
  3900 | D:6      | Mangled by a two-headed ogre

Illustrated notes

Levels and vault maps discovered:
D:1:      nzn_arrival_water_spiral, layout_rooms
D:2:      layout_basic, chequers_serial_rivers_large_a, minmay_worlds_worst_comb
D:3:      layout_basic, old_standard_altar, mainiacjoe_overflow_catch_the_wave
D:4:      layout_gridville, gammafunk_ghost_grave
D:5:      layout_loops_ring, mainiacjoe_overflow_concentric_impassable,
          minmay_temple_entry_mini_moons, hangedman_decor_riveting, uniq_sigmund
D:6:      layout_rooms, grunt_gozag_breadcrumbs,
          mainiacjoe_overflow_small_starburst, serial_shops,
          nicolae_lakefront_shop

Skill      XL: |  1  2  3  4  5  6  7  8 |
---------------+-------------------------+-----
Axes           | 3 4 5 6 7 |  7.3
Fighting       | 4 5 6 |  6.1
Armour         | 4 5 6 |  6.0
Shields        | 4 5 6 |  6.0
Invocations    | 2 |  2.9

Action                     |  1- 3 |  4- 6 |  7- 9 || total
---------------------------+-------+-------+-------++-------
  Melee: War axe           |    81 |    55 |    58 ||   194
         Headbutt          |    13 |     7 |    16 ||    36
    Use: Scroll            |    10 |       |     2 ||    12
 Armour: Scale mail        |    47 |       |       ||    47
         Chain mail        |    11 |    43 |    50 ||   104
  Dodge: Dodged            |    47 |    37 |    27 ||   111
  Block: Buckler           |    18 |    16 |    15 ||    49
